 Dungeon Crawl Stone Soup version bcrawl-1.41.1 (webtiles) character file.

Game seed: 938822199265226739

99895 Yshiel the Chiller (level 3, 0/37 HPs)
             Began as a Gnoll Ice Elementalist on Apr 25, 2024.
             Slain by Grinder (2 damage)
             ... on level 3 of the Dungeon.
             The game lasted 00:16:28 (1666 turns).

Yshiel the Chiller (Gnoll Ice Elementalist)         Turns: 1666, Time: 00:16:28

Health: 0/37       AC:  4    Str: 15    XL:     3   Next: 60%
Magic:  3/9        EV: 14    Int: 18    God:
Gold:   121        SH:  0    Dex: 15    Spells: 6/12 levels left

rFire    . . .     GDR:     27% j - +1 whip (flame)
rCold    . . .     SeeInvis .   (no shield)
rNeg     . . .     Gourm    .   a - +0 robe
rPois    .         Faith    .   s - +0 helmet
rElec    .         Spirit   .   (no cloak)
rCorr    .         Reflect  .   m - +0 pair of gloves
MR       .....                  (no boots)
Stlth    ..........             (no amulet)
HPRegen  0.16/turn              (no ring)
MPRegen  0.11/turn              (no ring)

@: berserking, very quick
A: distributed training, fangs 1, strong nose
a: no special abilities


You were on level 3 of the Dungeon.
You were hungry.

You visited 1 branch of the dungeon, and saw 3 of its levels.

You collected 121 gold pieces.

Inventory:

Hand Weapons
 b - a +0 short sword
 j - a +1 whip of flaming (weapon)
 k - a +0 dagger
 o - a +0 short sword of venom
Missiles
 g - 56 poisoned needles
 l - 97 stones (quivered)
Armour
 a - a +0 robe (worn)
 m - a +0 pair of gloves (worn)
 s - a +0 helmet (worn)
Wands
 c - a wand of iceblast (1)
Scrolls
 i - a scroll of identify
 p - a scroll of amnesia {unknown}
 r - a scroll of teleportation {unknown}
Potions
 f - a potion of brilliance
 h - a potion of magic
 n - 3 potions of resistance
Comestibles
 e - 4 rations {!d}


   Skills:
 + Level 0.8 Fighting
 + Level 0.8 Short Blades
 + Level 0.8 Long Blades
 + Level 0.8 Axes
 + Level 0.8 Maces & Flails
 + Level 0.8 Polearms
 + Level 0.8 Staves
 + Level 0.8 Slings
 + Level 0.8 Bows
 + Level 0.8 Crossbows
 + Level 0.8 Throwing
 + Level 0.8 Armour
 + Level 4.5 Dodging
 + Level 4.5 Stealth
 + Level 0.8 Shields
 + Level 0.8 Unarmed Combat
 + Level 5.0 Spellcasting
 + Level 2.1 Conjurations
 + Level 0.5 Hexes
 + Level 0.5 Charms
 + Level 0.5 Summonings
 + Level 0.5 Necromancy
 + Level 0.5 Translocations
 + Level 0.5 Transmutations
 + Level 0.5 Fire Magic
 + Level 5.4 Ice Magic
 + Level 0.5 Air Magic
 + Level 0.5 Earth Magic
 + Level 0.5 Poison Magic
 + Level 1.0 Invocations
 + Level 0.8 Evocations


You had 6 spell levels left.
You knew the following spells:

 Your Spells              Type           Power        Failure   Level  Hunger
a - Freeze                Ice            ###...       1%          1    None
b - Throw Frost           Conj/Ice       ###...       1%          2    None
c - Ozocubu's Armour      Chrm/Ice       ###.....     12%         3    ###....

Your spell library contained the following spells:

 Spells                   Type           Power        Failure   Level  Hunger
 Throw Icicle             Conj/Ice       ###.....     28%         4    #####..
 Ice Form                 Ice/Tmut       ###.....     36%         4    #####..
 Summon Ice Beast         Ice/Summ       ###.....     36%         4    #####..


Dungeon Overview and Level Annotations

Branches:
Dungeon (3/12)

Altars:

Annotations:
D:3 Grinder


Innate Abilities, Weirdness & Mutations

Your experience applies equally to all skills.
You have very sharp teeth.
Your uncanny sense of smell can sniff out nearby items.


Message History

Casting: Freeze (safe; 1% risk of failure)
Confirm with . or Enter, or press ? or * to list all spells.
Aiming: Freeze (safe; 1% risk of failure)
Press: ? - help, Shift-Dir - straight line, f/p - Grinder
Aim: Grinder (lightly wounded) Grinder resists.
You freeze Grinder.
Grinder is lightly wounded.
Grinder hits you.
You writhe in agony.
* * * LOW HITPOINT WARNING * * *
A red film seems to cover your vision as you go berserk!
You feel yourself moving faster!
You feel mighty! Grinder closely misses you.
You whack Grinder! You burn Grinder.
Grinder is heavily wounded.
Grinder misses you.
You hit Grinder. You burn Grinder.
Grinder is severely wounded.
Grinder hits you.
* * * LOW HITPOINT WARNING * * *
You writhe in agony.
You die...

..........K..5
.##.##.#.####
.... #5# #..# #.#
#..# #.#
#.#..####.#### ∆
#.#....5......
###
#.#.#####'####
#@# #.#.##......#
#5###.#.##......#
+...#.#.5.K.....#
#.#.#.#....##+###
#.#.....<.....#
#.#...#....#### #
#.#.#.#.#### #.
#.###.####
..#..#...)....#


You could see Grinder.

Vanquished Creatures
  2 dart slugs (D:1)
  3 leopard geckos
  A bat (D:1)
  2 giant cockroaches (D:1)
  6 goblins
  3 hobgoblins (D:2)
  A jackal (D:1)
  3 quokkas (D:2)
  2 frilled lizards
  8 kobolds
31 creatures vanquished.

Notes
Turn   | Place    | Note
-------+----------+-------------------------------------------
     0 | D:1      | Yshiel the Gnoll Ice Elementalist began the quest for the
                  | Orb.
     0 | D:1      | Reached XP level 1. HP: 13/13 MP: 6/6
    85 | D:1      | Reached XP level 2. HP: 11/19 MP: 1/7
   569 | D:1      | Reached XP level 3. HP: 25/25 MP: 9/9
   653 | D:2      | Reached skill level 5 in Spellcasting
  1124 | D:2      | Reached skill level 1 in Invocations
  1380 | D:3      | Noticed Grinder
  1421 | D:2      | Learned a level 2 spell: Throw Frost
  1425 | D:2      | Learned a level 3 spell: Ozocubu's Armour
  1445 | D:3      | Paralysed by Grinder for 3 turns
  1527 | D:3      | Paralysed by Grinder for 2 turns
  1659 | D:3      | Paralysed by Grinder for 2 turns
  1666 | D:3      | Slain by Grinder

Skill      XL: |  1  2  3 |
---------------+----------+-----
Conjurations   | 2 |  2.1
Spellcasting   | 5 |  5.0
Invocations    | 1 |  1.0
Fighting       | |  0.8
Short Blades   | |  0.8
Long Blades    | |  0.8
Axes           | |  0.8
Maces & Flails | |  0.8
Polearms       | |  0.8
Staves         | |  0.8
Slings         | |  0.8
Bows           | |  0.8
Crossbows      | |  0.8
Throwing       | |  0.8
Armour         | |  0.8
Dodging        | |  4.5
Stealth        | |  4.5
Shields        | |  0.8
Unarmed Combat | |  0.8
Hexes          | |  0.5
Charms         | |  0.5
Summonings     | |  0.5
Necromancy     | |  0.5
Translocations | |  0.5
Transmutations | |  0.5
Fire Magic     | |  0.5
Ice Magic      | |  5.4
Air Magic      | |  0.5
Earth Magic    | |  0.5
Poison Magic   | |  0.5
Evocations     | |  0.8

Action                   || total
-------------------------++-------
Melee: Short sword       ||    10
       Whip              ||    50
       Bite              ||     3
 Cast: Freeze            ||    27
       Ozocubu's Armour  ||     4
  Use: Scroll            ||     4
       Potion            ||     1
 Stab: Sleeping          ||     8
  Eat: Chunk             ||     4
Armor: Robe              ||    10
Dodge: Dodged            ||    65
